 Dungeon Crawl Stone Soup version 0.27-a0-1416-g941b2bd30b (webtiles) character file.

Game seed: 3358456689634383814

128 bilbop the Caller (level 4, -1/25 HPs)
             Began as a Deep Elf Summoner on July 2, 2021.
             Was an Initiate of Yredelemnul.
             Killed from afar by an orc wizard (8 damage)
             ... with a magic dart
             ... on level 4 of the Dungeon.
             The game lasted 00:20:17 (5102 turns).

bilbop the Caller (Deep Elf Summoner)               Turns: 5102, Time: 00:20:17

Health: -1/25      AC:  3    Str:  5    XL:     4   Next: 87%
Magic:  3/11       EV: 13    Int: 20    God:    Yredelemnul [......]
Gold:   140        SH:  0    Dex: 16    Spells: 7/10 levels left

rFire    . . .     SeeInvis .   a - +0 dagger
rCold    . . .     Faith    .   (no shield)
rNeg     . . .     Spirit   .   c - +0 robe
rPois    .         Reflect  .   i - +0 helmet
rElec    .         Harm     .   (no cloak)
rCorr    .         Rampage  .   (no gloves)
Will     .....                  (no boots)
Stlth    ++........             (no amulet)
HPRegen  0.08/turn              (no ring)
MPRegen  0.12/turn              (no ring)

@: no status effects
A: no striking features
a: Renounce Religion


You were on level 4 of the Dungeon.
You worshipped Yredelemnul.
Yredelemnul was noncommittal.
You visited 1 branch of the dungeon, and saw 4 of its levels.

You collected 140 gold pieces.

Inventory:

Hand Weapons
 a - a +0 dagger (weapon)
 f - a +0 short sword
Missiles
 o - a throwing net
Armour
 c - a +0 robe (worn)
 i - a +0 helmet (worn)
 s - a +0 buckler
Jewellery
 n - an amulet of guardian spirit
Wands
 q - a wand of mindburst (16)
Scrolls
 d - 2 scrolls of identify {unknown}
 g - 2 scrolls of amnesia {unknown}
 h - 3 scrolls of brand weapon {unknown}
 k - a scroll of fog {unknown}
 m - a scroll of noise {unknown}
 p - a scroll of magic mapping {unknown}
Potions
 b - a potion of attraction {unknown}
 e - 3 potions of curing {unknown}
 j - a potion of degeneration {unknown}
 l - 2 potions of brilliance {unknown}
 r - a potion of lignification {unknown}
 t - a potion of cancellation {unknown}


   Skills:
 + Level 1.3 Fighting
 + Level 1.5 Short Blades
 + Level 3.2 Dodging
 + Level 3.4 Stealth
 + Level 3.9 Spellcasting
 + Level 4.8 Summonings
 + Level 0.1 Invocations


You had 7 spell levels left.
You knew the following spells:

 Your Spells              Type           Power      Damage    Failure   Level
a - Summon Small Mammal   Summ           92%        N/A       1%          1
b - Call Imp              Summ           23%        N/A       2%          2

Your spell library contained the following spells:

 Spells                   Type           Power      Damage    Failure   Level
 Call Canine Familiar     Summ           23%        N/A       5%          3
 Sandblast                Erth           6%         2d5       13%         1
 Summon Guardian Golem    Hex/Summ       13%        N/A       14%         3
 Passwall                 Tmut/Erth      2%         N/A       21%         2
 Conjure Flame            Conj/Fire      3%         6-21      36%         3
 Ignite Poison            Fire/Tmut/Pois 3%         N/A       36%         3
 Swiftness                Air            3%         N/A       36%         3
 Summon Ice Beast         Ice/Summ       13%        N/A       43%         4
 Summon Lightning Spire   Summ/Air       13%        N/A       43%         4
 Sticky Flame             Conj/Fire      3%         2d3       78%         4
 Lee's Rapid Deconstruct  Erth           1%         3d5*      98%         5
 Invisibility             Hex            1%         N/A       100%        6


Dungeon Overview and Level Annotations

Branches:
Dungeon (4/15)
 Temple: D:4-7

Altars:
Cheibriados
Sif Muna
Trog
Uskayaw
Wu Jian
Yredelemnul
The Shining One

Shops:
D:2 (


Message History

t - Shout!
Orders for allies: a - Attack new target. r - Retreat! s - Stop attacking. g - Guard the area. f - Follow me.
Anything else - Cancel.
Gang up on whom?
Press: ? - help, Dir - move target, f - orc wizard
Aim: an orc wizard, wielding a +0 dagger and wearing a +0 robe (heavily wounded, ally target) Attack!
Your crimson imp blinks!
The orc wizard gestures wildly while chanting.
The orc wizard flickers and vanishes!
Deactivating autopickup; reactivate with Ctrl-A.
You swap places.
Something closely misses your crimson imp.
You hear some strange, mumbled words.
Your crimson imp appears confused.
Casting: Call Imp (safe; 2% risk of failure)
Confirm with . or Enter, or press ? or * to list all spells.
A beastly little devil appears in a puff of flame.
Your crimson imp closely misses you.
You hear some strange, mumbled words.
Your crimson imp easily resists.
Your crimson imp disappears in a puff of smoke!
Your crimson imp closely misses something.
Something hits your crimson imp.
Your crimson imp closely misses you.
Something hits your crimson imp but does no damage.
Something hits your crimson imp.
You hit something but do no damage. Something hits you.
You barely miss something.
Your crimson imp closely misses you.
You hear some strange, mumbled words.
Something tries to affect you, but you resist.
You hit something.
Your crimson imp hits you.
* * * LOW HITPOINT WARNING * * *
You hear some strange, mumbled words.
A magic dart appears from out of thin air!
The magic dart hits you!
You die...
Your body rises from the dead as a mindless zombie.

#?.n# #[..# ########
#...# #......#
#...## #......#
#....#####5.....#
#.......5@{.....#
#...######5.....#
#...######....).#
###.#........)))#
#....#..............
###....###########..
#####....#..#
#....<.####.#
#..###).# #.#


You could see 3 friendly crimson imps.

Vanquished Creatures
  An orc priest (D:4)
  Jessica (D:2)
  2 adders (D:3)
  An endoplasm (D:3)
  A goblin (D:2)
  2 hobgoblins (D:3)
  2 kobolds (D:2)
  A frilled lizard (D:2)
  A rat (D:3)
12 creatures vanquished.

Vanquished Creatures (collateral kills)
  Terence (D:2)
  An adder (D:3)
  A worm (D:2)
  A dart slug (D:3)
  4 orcs
  3 bats (D:1)
  4 endoplasms
  3 giant cockroaches
  A goblin (D:3)
  8 hobgoblins
  14 jackals
  12 kobolds
  3 quokkas
  A ball python (D:3)
  2 frilled lizards (D:1)
  4 rats
63 creatures vanquished.

Grand Total: 75 creatures vanquished

Notes
Turn   | Place    | Note
-------+----------+-------------------------------------------
     0 | D:1      | bilbop the Deep Elf Summoner began the quest for the Orb.
     0 | D:1      | Reached XP level 1. HP: 10/10 MP: 6/6
   825 | D:1      | Reached XP level 2. HP: 15/15 MP: 2/8
  1776 | D:2      | Found Iwyhil's Weapon Boutique.
  2007 | D:2      | Found a faded altar of an unknown god.
  2160 | D:2      | Noticed Jessica
  2177 | D:2      | Killed Jessica
  2178 | D:2      | Reached XP level 3. HP: 3/20 MP: 8/10
  2515 | D:2      | Found a shimmering blue altar of Sif Muna.
  2551 | D:2      | Learned a level 2 spell: Call Imp
  2666 | D:2      | Noticed Terence
  2697 | D:2      | Killed Terence
  2888 | D:2      | Reached skill level 1 in Short Blades
  3144 | D:2      | Reached skill level 1 in Fighting
  3651 | D:3      | Reached XP level 4. HP: 25/25 MP: 6/11
  4234 | D:3      | Found a bloodstained altar of Trog.
  4556 | D:3      | Found a basalt altar of Yredelemnul.
  4556 | D:3      | Found a hide-covered altar of Uskayaw.
  4626 | D:3      | Found a snail-covered altar of Cheibriados.
  4748 | D:4      | Found an ornate altar of the Wu Jian Council.
  4972 | D:4      | Noticed a necrophage
  4985 | D:3      | Found a glowing golden altar of the Shining One.
  4990 | D:3      | Became a worshipper of Yredelemnul the Dark
  5102 | D:4      | Killed from afar by an orc wizard

Illustrated notes

Levels and vault maps discovered:
D:1:      roderic_lyre, layout_loops_ring, minmay_misc_feat_room
D:2:      layout_loops_corners, hellmonk_ecumenical_altar_crossroads,
          serial_shops, nicolae_shop_temple_entry_statues_fountains,
          basic_altar, uniq_jessica, uniq_terence
D:3:      layout_basic, general_overflow_altar, nicolae_overflow_hidden_temple
D:4:      layout_rooms, kennysheep_mini

Skill      XL: |  1  2  3 |
---------------+----------+-----
Stealth        | 3 |  3.4
Short Blades   | 1 |  1.5
Fighting       | 1 |  1.3
Dodging        | 3 |  3.2
Spellcasting   | |  3.9
Summonings     | |  4.8
Invocations    | |  0.1

Action                   |  1- 3 |  4- 6 || total
-------------------------+-------+-------++-------
Melee: Unarmed           |     2 |       ||     2
       Dagger            |    23 |    49 ||    72
 Cast: Summon Small Mamm |    87 |     1 ||    88
       Call Imp          |    17 |    32 ||    49
 Stab: Sleeping          |     3 |     4 ||     7
Armor: Robe              |     1 |    13 ||    14
Dodge: Dodged            |    17 |    28 ||    45

Table legend: (Time is in decaauts)
 A = Elapsed time spent in this place.
 B = Non-inter-level travel time spent in this place.
 C = Inter-level travel time spent in this place.
 D = Time resting spent in this place.
 E = Time spent auto-exploring this place.
 F = Levels seen in this place.
 G = Mean time per level.
                   A        B        C        D        E       F      G
               +--------+--------+--------+--------+--------+-----+--------+
         Total |   5102 |   4889 |    213 |    277 |   3816 |   4 | 1275.5 |
       Dungeon |   5102 |   4889 |    213 |    277 |   3816 |   4 | 1275.5 |
               +--------+--------+--------+--------+--------+-----+--------+

Top non-repeatable levels by time:
     D:2: 1712 daAuts
     D:1: 1697 daAuts
     D:3: 1278 daAuts
     D:4: 414 daAuts
